 Dungeon Crawl Stone Soup version 0.26.1-2-gb8aa6d0cf2 (webtiles) character file.

Game seed: 13067515320388726653

2772 nightchill the Spear-Bearer (level 9, -5/69 (75) HPs)
             Began as a Merfolk Gladiator on Mar 18, 2021.
             Was an Initiate of Gozag.
             Slain by a wight
             ... wielding a +4 flail
              (12 damage)
             ... on level 7 of the Dungeon.
             The game lasted 00:17:48 (9614 turns).

nightchill the Spear-Bearer (Merfolk Gladiator)     Turns: 9614, Time: 00:17:48

HP:   -5/69 (75)    AC:  2    Str: 18    XL:     9   Next: 70%
MP:   9/9           EV: 16    Int:  7    God:    Gozag
Gold: 895           SH:  0    Dex: 15    Spells: 8/8 levels left

rFire    . . .     SeeInvis .   a - +0 trident
rCold    . . .     Faith    .   (no shield)
rNeg     . . .     Spirit   .   (no armour)
rPois    .         Reflect  .   t - +0 helmet
rElec    .         Harm     .   m - +0 cloak
rCorr    .         Rampage  .   (no gloves)
Will     .....                  (no boots)
Stlth    +.........             (no amulet)
HPRegen  0.21/turn              (no ring)
MPRegen  0.11/turn              (no ring)

@: gold aura, drained
A: change form in water, swift swim, stealthy swim
a: Renounce Religion, Potion Petition, Call Merchant, Bribe Branch


You were on level 7 of the Dungeon.
You worshipped Gozag.
Gozag was pleased with you.
You visited 2 branches of the dungeon, and saw 8 of its levels.

You collected 953 gold pieces.
You paid 58 gold pieces to Gozag.

Inventory:

Hand Weapons
 a - a +0 trident (weapon)
 l - a +0 dagger of electrocution
Missiles
 v - 35 poisoned darts
 y - 7 boomerangs
 G - 3 atropa-tipped darts
 H - 6 datura-tipped darts
Armour
 j - a +0 ring mail
 m - a +0 cloak (worn)
 t - a +0 helmet (worn)
 B - a +2 leather armour of willpower
Jewellery
 E - a +4 ring of evasion
Wands
 x - a wand of random effects (11)
 C - a wand of enslavement (7)
Scrolls
 b - 5 scrolls of amnesia {unknown}
 e - 3 scrolls of teleportation
 f - 2 scrolls of remove curse
 g - 4 scrolls of identify
 h - 2 scrolls of random uselessness {unknown}
 n - 2 scrolls of fog {unknown}
 p - 2 scrolls of noise {unknown}
 w - 2 scrolls of immolation {unknown}
 A - 3 scrolls of torment {unknown}
 F - a scroll of holy word {unknown}
Potions
 c - a potion of mutation
 d - a potion of might {unknown}
 i - a potion of resistance {unknown}
 o - a potion of haste
 q - 2 potions of heal wounds
 r - 2 potions of brilliance {unknown}
 s - 6 potions of curing
 u - 2 potions of cancellation {unknown}
 z - a potion of attraction {unknown}
 D - a potion of berserk rage {unknown}


   Skills:
 + Level 8.8 Fighting
 - Level 14.0 Polearms
 - Level 2.0 Throwing
 + Level 5.9 Dodging


You had 8 spell levels left.
You didn't know any spells.
Your spell library was empty.

Dungeon Overview and Level Annotations

Branches:
Dungeon (7/15)             Temple (1/1) D:4

Altars:
Dithmenos
Elyvilon
Gozag
Hepliaklqana
Kikubaaqudgha
Makhleb
Nemelex Xobeh
Okawaru
Qazlal
Sif Muna
Uskayaw
Vehumet
Wu Jian
Xom
Yredelemnul
Zin

Annotations:
D:2 1 runed translucent door, Crazy Yiuf
D:4 2 runed translucent doors, exclusion: downstairs, Ladykiller69's ghost, amateur OgHu


Message History

The wight is heavily damaged.
The wight hits you with a +4 flail!
* * * LOW HITPOINT WARNING * * *
You feel drained.
* * * LOW HITPOINT WARNING * * *
The wight misses you. The wight closely misses you.
The wight hits you with a +0 trident!
* * * LOW HITPOINT WARNING * * *
You hit the wight but do no damage. You closely miss the wight.
The wight hits you with a +4 flail!
* * * LOW HITPOINT WARNING * * *
The wight hits you with a +0 trident.
* * * LOW HITPOINT WARNING * * *
You puncture the wight!
The wight is severely damaged.
You puncture the wight!
You destroy the wight!
The wight hits you with a +4 flail!
You die...
Your body crumbles into a pile of gold.

# #..........#..######..#
# #...z......#.....#....+
# #..).......#....<#....#
# ###.########.....#....#
# #................#....#
# #....z...........#....#
# ##..####..##..## #..###
# ##'#####$###..####..# #
#...#..z@.#.........# #
#...+.....#.........# #
##..##..########.##.# #
######..########.##'#####
#
#.......#.........#......
#
#.......#.........#......
#
#.......#...#######..##>.
#
#######'######..####+##..
#
#........#..##.......##..


You could see a wight.

Vanquished Creatures
  A hornet (D:6)
  Sigmund (D:6)
  Edmund (D:5)
  An ice beast (D:5)
  A sky beast (D:7)
  3 ogres
  2 phantoms
  3 centaurs
  2 big kobolds
  Blork the orc (D:4)
  4 bullfrogs
  A scorpion (D:6)
  A jelly (D:7)
  A wight (D:7)
  3 howler monkeys
  A bullfrog zombie (D:5)
  A quasit (D:6)
  A centaur zombie (D:6)
  A bullfrog skeleton (D:5)
  2 orc priests
  6 orc wizards
  2 iguanas
  3 worker ants
  Robin (D:2)
  A worker ant zombie (D:6)
  10 adders
  5 white imps (D:7)
  2 oozes (D:3)
  An ufetubus (D:4)
  3 adder zombies
  2 worms (D:3)
  6 leopard geckos
  17 orcs
  8 bats
  7 giant cockroaches
  14 goblins
  9 hobgoblins
  13 jackals
  3 quokkas
  3 ball pythons
  A ball python zombie (D:1)
  7 frilled lizards
  A jackal skeleton (D:6)
  13 kobolds
  2 leopard gecko skeletons (D:5)
  4 rats
176 creatures vanquished.

Notes
Turn   | Place    | Note
-------+----------+-------------------------------------------
     0 | D:1      | nightchill the Merfolk Gladiator began the quest for the
                  | Orb.
     0 | D:1      | Reached XP level 1. HP: 16/16 MP: 1/1
   262 | D:1      | Reached XP level 2. HP: 23/23 MP: 2/2
   266 | D:1      | Reached skill level 5 in Polearms
   917 | D:1      | Reached XP level 3. HP: 28/28 MP: 3/3
  1192 | D:2      | Reached skill level 6 in Polearms
  1324 | D:2      | Noticed Robin
  1334 | D:2      | Reached XP level 4. HP: 35/35 MP: 4/4
  1341 | D:2      | Killed Robin
  1864 | D:2      | Found a runed translucent door.
  1865 | D:2      | Noticed Crazy Yiuf
  2294 | D:3      | Reached skill level 7 in Polearms
  2421 | D:3      | Reached XP level 5. HP: 41/41 MP: 5/5
  2447 | D:3      | Found an iron altar of Okawaru.
  3236 | D:4      | Noticed an ogre
  3258 | D:4      | Killed an ogre
  3259 | D:4      | Reached skill level 8 in Polearms
  3259 | D:4      | Reached XP level 6. HP: 9/48 MP: 6/6
  3639 | D:4      | Noticed Blork the orc
  3648 | D:4      | Killed Blork the orc
  3674 | D:4      | Found a runed translucent door.
  3675 | D:4      | Noticed Ladykiller69's ghost (amateur OgHu)
  3718 | D:4      | Found a staircase to the Ecumenical Temple.
  3756 | Temple   | Entered the Ecumenical Temple
  3865 | Temple   | Became a worshipper of Gozag Ym Sagoz the Greedy
  4093 | D:4      | Found a runed translucent door.
  4328 | D:5      | Entered Level 5 of the Dungeon
  4328 | D:5      | Noticed Edmund
  4430 | D:5      | Reached skill level 9 in Polearms
  4474 | D:5      | Noticed an ice beast
  4489 | D:5      | Killed an ice beast
  4490 | D:5      | Reached XP level 7. HP: 44/55 MP: 7/7
  4542 | D:5      | Reached skill level 5 in Fighting
  4822 | D:5      | Killed Edmund
  4823 | D:5      | Reached skill level 10 in Polearms
  5359 | D:6      | Reached skill level 11 in Polearms
  5359 | D:6      | Reached XP level 8. HP: 45/64 MP: 8/8
  5469 | D:6      | Noticed a hornet
  5819 | D:6      | Noticed Sigmund
  5828 | D:6      | Killed Sigmund
  5909 | D:6      | Killed a hornet
  5910 | D:6      | Reached skill level 12 in Polearms
  6423 | D:6      | Reached skill level 13 in Polearms
  6749 | D:6      | Reached XP level 9. HP: 68/72 MP: 9/9
  7717 | D:7      | Reached skill level 14 in Polearms
  8831 | D:7      | Reached skill level 5 in Dodging
  9614 | D:7      | Slain by a wight

Illustrated notes

Levels and vault maps discovered:
D:1:      saegor_arrival_fortress, layout_loops_ring
D:2:      minmay_kobold_bridge, layout_basic, uniq_robin,
          uniq_crazy_yiuf_cottage
D:3:      layout_loops_corners, lemuel_round_altar
D:4:      layout_loops_ring, minmay_temple_entry_arrows, ebering_ghost_sewer_f,
          hangedman_abyss_or_decor_lesser_grid, uniq_blork_the_orc
D:5:      layout_loops_ring, uniq_edmund
D:6:      hangedman_cross_stitches, layout_gridville, uniq_sigmund
D:7:      layout_gridville, kennysheep_generic_room_15
Temple:   kilobyte_greek_temple

Skill      XL: |  1  2  3  4  5  6  7  8  9 |
---------------+----------------------------+-----
Polearms       | 5 6 7 8 9 11 13 14 | 14.0
Fighting       | 3 4 5 7 8 |  8.8
Dodging        | 5 |  5.9
Throwing       | |  2.0

Action                   |  1- 3 |  4- 6 |  7- 9 || total
-------------------------+-------+-------+-------++-------
Melee: Trident           |   108 |   187 |   425 ||   720
Throw: Throwing net      |       |     2 |     2 ||     4
       Dart              |       |       |     1 ||     1
Evoke: Wand              |       |       |     7 ||     7
  Use: Scroll            |       |     8 |     1 ||     9
       Potion            |       |       |     3 ||     3
 Stab: Held in net/web   |       |     1 |     3 ||     4
       Sleeping          |       |       |     4 ||     4
Armor: Leather armour    |     7 |       |       ||     7
       Scale mail        |    10 |       |       ||    10
       Ring mail         |     9 |    51 |     6 ||    66
       Skin              |       |       |    12 ||    12
Dodge: Dodged            |    37 |    78 |   178 ||   293
